 Dungeon Crawl Stone Soup version 0.27-a0-1119-gbf574a6a6b (webtiles) character file.

Game seed: 11907642196698615111

367 jasper the Stinger (level 6, -4/32 HPs)
             Began as a Gargoyle Venom Mage on May 2, 2021.
             Was an Initiate of Cheibriados.
             Slain by an ogre
             ... wielding a +0 giant spiked club
              (23 damage)
             ... on level 6 of the Dungeon.
             The game lasted 00:07:18 (5715 turns).

jasper the Stinger (Gargoyle Venom Mage)            Turns: 5715, Time: 00:07:19

Health: -4/32      AC:  6    Str: 13    XL:     6   Next: 69%
Magic:  1/9        EV: 12    Int: 18    God:    Cheibriados [......]
Gold:   742        SH:  0    Dex: 11    Spells: 1/9 levels left

rFire    . . .     SeeInvis .   d - staff of poison
rCold    . . .     Faith    .   (no shield)
rNeg     + . .     Spirit   .   a - +0 robe
rPois    ∞         Reflect  .   (no helmet)
rElec    +         Harm     .   h - scarf {repulsion}
rCorr    .         Rampage  .   (no gloves)
Will     .....                  (no boots)
Stlth    ++........             (no amulet)
HPRegen  0.10/turn              (no ring)
MPRegen  0.11/turn              (no ring)

@: repel missiles, very slow
A: AC +4, negative energy resistance 1, electricity resistance, torment
resistance 1, unbreathing 1, petrification resistance
a: Renounce Religion, Bend Time


You were on level 6 of the Dungeon.
You worshipped Cheibriados.
Cheibriados was noncommittal.
You visited 1 branch of the dungeon, and saw 6 of its levels.

You collected 742 gold pieces.

Inventory:

Hand Weapons
 p - the +7 whip of Eye-covered Purpose {vorpal, Int+5}
   (You found it on level 5 of the Dungeon)

   It inflicts extra damage upon your enemies.
   It affects your intelligence (+5).
Missiles
 b - a throwing net
Armour
 a - a +0 robe (worn)
 f - a +1 kite shield of protection
 h - a scarf of repulsion (worn)
Magical Staves
 d - a staff of poison (weapon)
Jewellery
 c - a ring of poison resistance
 m - a ring of flight
 o - an amulet of guardian spirit
Scrolls
 i - 2 scrolls of silence
Potions
 e - a potion of haste
 g - a potion of heal wounds {unknown}
 j - a potion of degeneration {unknown}
 k - 3 potions of flight {unknown}
 l - a potion of berserk rage {unknown}
 n - a potion of invisibility {unknown}
 q - 2 potions of curing {unknown}


   Skills:
 - Level 1.5 Dodging
 - Level 2.1 Stealth
 * Level 3.5 Shields
 + Level 2.3 Spellcasting
 - Level 0.7 Transmutations
 - Level 6.0 Poison Magic
 + Level 1.3 Invocations


You had one spell level left.
You knew the following spells:

 Your Spells              Type           Power      Damage    Failure   Level
a - Sting                 Tmut/Pois      84%        1d7       4%          1
b - Olgreb's Toxic Radia  Pois           35%        N/A       14%         4
c - Mephitic Cloud        Conj/Pois/Air  14%        N/A       22%         3

Your spell library contained the following spells:

 Spells                   Type           Power      Damage    Failure   Level
 Poisonous Vapours        Pois/Air       38%        N/A       8%          2
 Ignite Poison            Fire/Tmut/Pois 15%        N/A       21%         3


Dungeon Overview and Level Annotations

Branches:
Dungeon (6/15)
 Temple: D:4-7

Altars:
Cheibriados
Hepliaklqana
Makhleb
Wu Jian


Innate Abilities, Weirdness & Mutations

Your stone body is resilient. (AC +4)
You are immune to poison.
You resist negative energy. (rN+)
You are resistant to electric shocks. (rElec)
You are resistant to unholy torment.
You can survive without breathing.
You are immune to petrification.


Message History

Cheibriados thoroughly appreciates the change of pace.
q - 2 viscous white potions An ogre comes into view.
It is wielding a +0 giant spiked club.
The ogre shouts!
Aiming: Sting (safe; 4% risk of failure)
Press: ? - help, Q - select action, (/) - cycle Shift-Dir - straight line, f - ogre
Aim: an ogre, wielding a +0 giant spiked club (89% to hit)
You feel a surge of power!
The sting hits the ogre.
The ogre is poisoned.
The ogre is lightly wounded.
You now have 5/9 mp.
Aiming: Sting (safe; 4% risk of failure)
Press: ? - help, Q - select action, (/) - cycle Shift-Dir - straight line, f/p - ogre
Aim: an ogre, wielding a +0 giant spiked club (lightly wounded, poisoned, 89% to hit)
You feel a surge of power!
The sting hits the ogre!
The ogre looks even sicker.
The ogre is moderately wounded.
You now have 4/9 mp.
Aiming: Sting (safe; 4% risk of failure)
Press: ? - help, Q - select action, (/) - cycle Shift-Dir - straight line, f/p - ogre
Aim: an ogre, wielding a +0 giant spiked club (moderately wounded, very poisoned, 89% to hit)
You feel a surge of power!
The sting hits the ogre.
The ogre looks even sicker.
The ogre is heavily wounded.
The ogre closely misses you.
You now have 3/9 mp.
Aiming: Sting (safe; 4% risk of failure)
Press: ? - help, Q - select action, (/) - cycle Shift-Dir - straight line, f/p - ogre
Aim: an ogre, wielding a +0 giant spiked club (heavily wounded, very poisoned, 89% to hit)
You feel a surge of power!
The sting hits the ogre.
The ogre looks as sick as possible!
The ogre is severely wounded.
The ogre hits you with a +0 giant spiked club!
You take 11 damage, and have 19/32 hp.
MASSIVE DAMAGE!!
You now have 2/9 mp.
Aiming: Sting (safe; 4% risk of failure)
Press: ? - help, Q - select action, (/) - cycle Shift-Dir - straight line, f/p - ogre
Aim: an ogre, wielding a +0 giant spiked club (severely wounded, extremely poisoned, 89% to hit)
You feel a surge of power!
The sting hits the ogre.
The ogre looks as sick as possible!
The ogre is almost dead.
The ogre hits you with a +0 giant spiked club!!
Ouch! That really hurt!
You die...

#.(........ #..###.####
# #...# ####.# . #...#
... ... #...####.#..#.#
#### #.............#
.....####....##...#.#.#
.............##...#
.......@..#.###.....
.......O.....##...#.#
.............####.###
.............# .#
.............# ##
.....###.....# #####
#.....# ####..


You could see an ogre (extremely poisoned).

Vanquished Creatures
  A scorpion (D:5)
  A hound (D:5)
  A jelly (D:3)
  An iguana (D:5)
  8 gnolls
  2 river rats (D:3)
  5 adders
  4 worms
  2 dart slugs (D:3)
  7 endoplasms
  4 giant cockroaches
  5 goblins
  6 hobgoblins
  4 jackals (D:3)
  6 kobolds
  2 quokkas
  3 ball pythons
  4 bats
  4 frilled lizards
  2 rats
72 creatures vanquished.

Notes
Turn   | Place    | Note
-------+----------+-------------------------------------------
     0 | D:1      | jasper the Gargoyle Venom Mage began the quest for the Orb.
     0 | D:1      | Reached XP level 1. HP: 10/10 MP: 3/3
   272 | D:1      | Reached XP level 2. HP: 15/15 MP: 0/5
  1405 | D:1      | Identified 3 scrolls of acquirement
  1405 | D:1      | Acquired 564 gold pieces
  1407 | D:1      | Acquired a +1 kite shield of protection
  1409 | D:1      | Acquired a staff of poison
  1534 | D:2      | Reached skill level 4 in Poison Magic
  1605 | D:2      | Reached XP level 3. HP: 17/19 MP: 3/6
  1922 | D:2      | Reached skill level 1 in Shields
  2490 | D:3      | Reached XP level 4. HP: 23/24 MP: 0/7
  2622 | D:3      | Learned a level 4 spell: Olgreb's Toxic Radiance
  2870 | D:3      | Reached XP level 5. HP: 28/28 MP: 1/8
  3326 | D:3      | Reached skill level 5 in Poison Magic
  4026 | D:4      | Learned a level 3 spell: Mephitic Cloud
  4726 | D:5      | Entered Level 5 of the Dungeon
  4726 | D:5      | Found a snail-covered altar of Cheibriados.
  4755 | D:5      | Found a hazy altar of Hepliaklqana.
  4765 | D:5      | Became a worshipper of Cheibriados the Contemplative
  4896 | D:5      | Found an ornate altar of the Wu Jian Council.
  4917 | D:5      | Reached skill level 6 in Poison Magic
  4917 | D:5      | Reached XP level 6. HP: 24/32 MP: 2/9
  5167 | D:5      | Found a burning altar of Makhleb.
  5172 | D:5      | Identified the +7 whip of Eye-covered Purpose {vorpal,
                  | Int+5}
  5180 | D:5      | Reached skill level 1 in Invocations
  5715 | D:6      | Slain by an ogre

Illustrated notes

Levels and vault maps discovered:
D:1:      mrwooster_arrival_statue, layout_basic
D:2:      layout_rooms
D:3:      layout_loops_corners, gup_sewer_entry_spiral
D:4:      layout_loops_ring, kennysheep_mini, kennysheep_mini_moat
D:5:      layout_basic, lemuel_crystal_altar, nzn_hepliaklqana_mist_gate,
          bloody_makhleb, lemuel_crystal_altar
D:6:      nicolae_whirlpool, layout_basic, zin_angel,
          nicolae_ossuary_entry_ruins, serial_shops, shop, uniq_blork_the_orc

Skill      XL: |  1  2  3  4  5  6 |
---------------+-------------------+-----
Poison Magic   | 4 6 |  6.0
Shields        | 1 2 3 |  3.5
Invocations    | 1 |  1.3
Dodging        | |  1.5
Stealth        | |  2.1
Spellcasting   | |  2.3
Transmutations | |  0.7

Action                   |  1- 3 |  4- 6 || total
-------------------------+-------+-------++-------
Melee: Staff             |     7 |    23 ||    30
       Unarmed           |     1 |       ||     1
 Cast: Sting             |    68 |   122 ||   190
  Use: Scroll            |     8 |     1 ||     9
Armor: Robe              |    10 |    33 ||    43
Dodge: Dodged            |    19 |    55 ||    74

Table legend: (Time is in decaauts)
 A = Elapsed time spent in this place.
 B = Non-inter-level travel time spent in this place.
 C = Inter-level travel time spent in this place.
 D = Time resting spent in this place.
 E = Time spent auto-exploring this place.
 F = Levels seen in this place.
 G = Mean time per level.
                   A        B        C        D        E       F      G
               +--------+--------+--------+--------+--------+-----+--------+
         Total |   5880 |   5694 |    186 |    958 |   4078 |   6 |  980.0 |
       Dungeon |   5880 |   5694 |    186 |    958 |   4078 |   6 |  980.0 |
               +--------+--------+--------+--------+--------+-----+--------+

Top non-repeatable levels by time:
     D:3: 2111 daAuts
     D:1: 1446 daAuts
     D:5: 1066 daAuts
     D:2: 894 daAuts
     D:4: 319 daAuts
     D:6: 42 daAuts
